 Dungeon Crawl Stone Soup version 0.17.1-3-g152610e (webtiles) character file.

3422 kaze the Ducker (level 9, -3/69 HPs)
             Began as a Demonspawn Gladiator on Mar 28, 2016.
             Was a Follower of Okawaru.
             Slain by a killer bee (4 damage)
             ... on level 7 of the Dungeon.
             The game lasted 00:17:16 (6360 turns).

kaze the Ducker (Demonspawn Gladiator)              Turns: 6360, Time: 00:17:17

Health: -3/69      AC: 25    Str: 21    XL:     9   Next: 76%
Magic:  0/9        EV:  9    Int: 11    God:    Okawaru [*.....]
Gold:   382        SH:  0    Dex: 12    Spells: 0 memorised, 8 levels left

rFire  . . .     SeeInvis .     L - +3 scimitar (freeze)
rCold  + . .     Clarity  .     A - +0 plate armour
rNeg   . . .     SustAt   .     (no shield)
rPois  .         Gourm    .     (helmet restricted)
rElec  .         Spirit   +     (no cloak)
rCorr  .         Warding  .     (no gloves)
rMut   .         Stasis   .     (no boots)
MR     .....                    w - amulet of rage
Stlth  ..........               j - +3 ring of protection
                                l - +2 ring of dexterity

@: mighty, lethally poisoned (-3 -> -4), flying, not resistant to hostile
enchantments, extremely unstealthy
A: antennae 1, hooves 1, rough black scales 3, cold resistance 1, weak 1, wild
magic 1, magic shield
a: Heroism, Renounce Religion, Evoke Berserk Rage


You were on level 7 of the Dungeon.
You worshipped Okawaru.
Okawaru was aware of your devotion.
You were not hungry.

You visited 1 branch of the dungeon, and saw 7 of its levels.

You collected 382 gold pieces.

Inventory:

Hand Weapons
 s - a +2 mace of crushing
 L - a +3 scimitar of freezing (weapon)
Armour
 c - a +2 helmet
 A - a +0 plate armour (worn)
Jewellery
 j - a +3 ring of protection (right hand)
 l - a +2 ring of dexterity (left hand)
 w - an amulet of rage (around neck)
Wands
 p - a wand of frost (29)
 E - a wand of slowing (22)
Scrolls
 f - a scroll of enchant weapon
 g - a scroll of amnesia
 m - 2 scrolls of fear
 r - a scroll of blinking {unknown}
 t - a scroll of recharging
 C - 3 scrolls of identify
 G - a scroll of magic mapping {unknown}
 I - 2 scrolls of teleportation
 J - a scroll of remove curse
 K - 2 scrolls of random uselessness {unknown}
Potions
 d - a potion of haste
Books
 i - a book of Enchantments

   Spells                             Type                      Level
   a - Cause Fear                     Hexes                        4
   b - Silence                        Hexes/Air                    5
   c - Deflect Missiles               Charms/Air                   6
   d - Haste                          Charms                       6
   e - Discord                        Hexes                        8
Comestibles
 e - 2 bread rations
 n - 3 beef jerkies
 q - a slice of pizza
 v - 8 fruits
 B - 4 meat rations


   Skills:
 + Level 6.1 Fighting
   Level 4.2(5.4) Axes
 + Level 5.3(6.0) Maces & Flails
 + Level 2.1 Throwing
 + Level 6.2 Armour
 + Level 7.4 Dodging
 + Level 1.1 Stealth


You had 8 spell levels left.
You didn't know any spells.

Dungeon Overview and Level Annotations

Branches:
Dungeon (7/15)             Temple (0/1) D:7

Altars:
Dithmenos
Okawaru
Xom


Innate Abilities, Weirdness & Mutations

You have large cloven feet.
You are completely covered in rough black scales (AC +10, Dex -3).
Your flesh is cold resistant.
When hurt, damage is shared between your health and your magic reserves.
You have a pair of small antennae on your head.
You are weak. (Str -2)
Your spells are a little harder to cast, but a little more powerful.


Message History

The killer bee closely misses you.
The killer bee stings you but does no damage. x2
The killer bee barely misses you. The killer bee stings you.
* * * LOW HITPOINT WARNING * * *
You feel sick.
The killer bee stings you but does no damage.
The killer bee stings you but does no damage.
The killer bee stings you but does no damage.
The killer bee stings you but does no damage.
You feel sick. The killer bee stings you.
* * * LOW HITPOINT WARNING * * *
The killer bee stings you but does no damage.
Unknown command.
Drink which item? (? for menu, Esc to quit)
Okay, then.
Drink which item? (? for menu, Esc to quit)
You feel very buoyant.
You fly up into the air.
The killer bee stings you.
You die...

### ## ..# ###
###.# ..## ##.#
##yy## ...#####..#
##y##.### #
..........##
#@####yy## ### ###
...........####.##
##hy###.###..
.............#.#
###.##.##..#
.....########..#
#.......## ....##
##.# ##.....##
....# #.## ##....#
##..# #..# #...##
##..# ##..## #...#
#..# ##....##
##..##


You could see 3 killer bees.

Vanquished Creatures
  Pikel (D:4)
  The ghost of nublet the Grappler, a novice MiMo (D:5)
  Prince Ribbit (D:6)
  The ghost of F1L1N the Ducker, an amateur TrBe of Trog (D:3)
  Eustachio (D:4)
  Edmund (D:5)
  A phantom (D:4)
  2 ice beasts
  4 ogres
  3 giant frogs
  A gnoll sergeant (D:5)
  3 scorpions
  A killer bee (D:7)
  3 wights (D:7)
  A giant frog zombie (D:5)
  2 orc priests
  5 hounds
  4 orc wizards (D:4)
  4 worker ants
  Robin (D:3)
  10 adders
  11 gnolls
  3 shadow imps
  An ooze (D:2)
  2 adder skeletons
  6 worms
  19 orcs
  4 bats
  3 giant cockroaches
  6 hobgoblins
  12 jackals
  2 quokkas
  2 ball pythons
  A giant cockroach zombie (D:5)
  12 giant geckos
  A giant gecko zombie (D:6)
  A giant newt (D:3)
  13 goblins
  4 kobolds
  A quokka skeleton (D:6)
  A quokka zombie (D:6)
  5 rats
  2 fungi (D:2)
163 creatures vanquished.

Vanquished Creatures (others)
  An orc (D:4)
  A giant newt (D:4)
2 creatures vanquished.

Grand Total: 165 creatures vanquished

Notes
Turn   | Place    | Note
--------------------------------------------------------------
     0 | D:1      | kaze the Demonspawn Gladiator began the quest for the Orb.
     0 | D:1      | Reached XP level 1. HP: 16/16 MP: 1/1
   153 | D:1      | Reached skill level 3 in Dodging
   153 | D:1      | Gained mutation: You are partially covered in rough black scales (AC +4, Dex -1). [demonic ancestry]
   153 | D:1      | Reached XP level 2. HP: 12/22 MP: 2/2
   463 | D:1      | Gained mutation: You are mostly covered in rough black scales (AC +7, Dex -2). [demonic ancestry]
   463 | D:1      | Reached XP level 3. HP: 23/27 MP: 3/3
   880 | D:2      | Gained mutation: When hurt, damage is shared between your health and your magic reserves. [demonic ancestry]
   880 | D:2      | Reached XP level 4. HP: 30/34 MP: 4/4
  1122 | D:3      | Noticed Robin
  1142 | D:3      | Killed Robin
  1291 | D:3      | Reached skill level 1 in Armour
  1545 | D:3      | Noticed an ogre
  1557 | D:3      | Killed an ogre
  1557 | D:3      | Reached skill level 4 in Axes
  1557 | D:3      | Reached XP level 5. HP: 40/40 MP: 5/5
  1843 | D:3      | Noticed F1L1N's ghost (amateur TrBe)
  1859 | D:3      | Killed F1L1N's ghost
  1859 | D:3      | Gained mutation: You have large cloven feet. [demonic ancestry]
  1859 | D:3      | Reached XP level 6. HP: 16/47 MP: 4/6
  2130 | D:4      | Found a shimmering altar of Xom.
  2133 | D:4      | Found a shimmering altar of Xom.
  2153 | D:4      | Reached skill level 1 in Maces & Flails
  2180 | D:4      | Found a shimmering altar of Xom.
  2181 | D:4      | Found a shimmering altar of Xom.
  2181 | D:4      | Found a shimmering altar of Xom.
  2182 | D:4      | Found a shimmering altar of Xom.
  2191 | D:4      | Found a shimmering altar of Xom.
  2191 | D:4      | Found a shimmering altar of Xom.
  2191 | D:4      | Found a shimmering altar of Xom.
  2191 | D:4      | Found a shimmering altar of Xom.
  2196 | D:4      | Found a shimmering altar of Xom.
  2281 | D:4      | Reached XP level 7. HP: 48/52 MP: 7/7
  2352 | D:4      | Reached skill level 5 in Dodging
  2523 | D:4      | Noticed Pikel
  2546 | D:4      | Killed Pikel
  2546 | D:4      | Reached skill level 6 in Dodging
  2546 | D:4      | Gained mutation: You are completely covered in rough black scales (AC +10, Dex -3). [demonic ancestry]
  2546 | D:4      | Reached XP level 8. HP: 46/61 MP: 6/8
  2591 | D:4      | Noticed Eustachio
  2752 | D:4      | Killed Eustachio
  3017 | D:5      | Entered Level 5 of the Dungeon
  3053 | D:5      | Found a shadowy altar of Dithmenos.
  3137 | D:5      | Noticed nublet's ghost (novice MiMo)
  3173 | D:5      | Killed nublet's ghost
  3173 | D:5      | Reached skill level 7 in Dodging
  3463 | D:5      | Reached skill level 5 in Fighting
  3507 | D:5      | Gained mutation: Your flesh is cold resistant. [demonic ancestry]
  3507 | D:5      | Reached XP level 9. HP: 57/68 MP: 9/9
  3564 | D:5      | Noticed Edmund
  3600 | D:5      | Killed Edmund
  4142 | D:5      | Reached skill level 5 in Armour
  4378 | D:5      | Found an iron altar of Okawaru.
  4395 | D:5      | Became a worshipper of Warmaster Okawaru
  4864 | D:6      | Noticed Prince Ribbit
  4944 | D:6      | Killed Prince Ribbit
  4944 | D:6      | Reached skill level 1 in Stealth
  5709 | D:7      | Found a staircase to the Ecumenical Temple.
  5779 | D:7      | Gained mutation: You have a pair of small antennae on your head. [potion of mutation]
  5779 | D:7      | Gained mutation: You are weak. (Str -2) [potion of mutation]
  5779 | D:7      | Gained mutation: Your spells are a little harder to cast, but a little more powerful. [potion of mutation]
  5861 | D:7      | Reached skill level 5 in Maces & Flails
  6303 | D:7      | Reached * piety under Okawaru
  6353 | D:7      | HP: 3/69 [killer bee (3)]
  6358 | D:7      | HP: 2/69 [poisoned by a killer bee]
  6360 | D:7      | Slain by a killer bee

Action                   |  1- 3 |  4- 6 |  7- 9 || total
-------------------------+-------+-------+-------++-------
Melee: War axe           |    92 |    79 |       ||   171
       Mace              |       |   136 |   508 ||   644
       Scimitar          |       |       |    83 ||    83
  Use: Scroll            |     3 |     5 |     5 ||    13
       Potion            |       |     2 |    12 ||    14
 Stab: Sleeping          |     1 |       |       ||     1
  Eat: Bread ration      |       |     1 |     2 ||     3
       Chunk             |       |       |     7 ||     7
